 Dungeon Crawl Stone Soup version 0.20.1-1-g8b1a95d (webtiles) character file.

72 Peloso the Covered (level 4, -1/35 HPs)
             Began as a Demonspawn Fighter on Oct 15, 2017.
             Slain by Sigmund
             ... wielding a +0 scythe of pain
              (10 damage)
             ... on level 2 of the Dungeon.
             The game lasted 00:03:05 (1222 turns).

Peloso the Covered (Demonspawn Fighter)             Turns: 1222, Time: 00:03:05

Health: -1/35      AC:  6    Str: 21    XL:     4   Next: 6%
Magic:  4/4        EV:  7    Int:  9    God:
Gold:   27         SH:  0    Dex: 13    Spells: 3/3 levels left

rFire    + . .     SeeInvis .   a - +0 long sword
rCold    x . .     Gourm    .   c - +0 shield
rNeg     . . .     Faith    .   b - +0 scale mail
rPois    .         Spirit   .   (no helmet)
rElec    .         Reflect  .   (no cloak)
rCorr    .         Harm     .   (no gloves)
MR       .....                  (no boots)
Stlth    ..........             (no amulet)
Regen    0.2/turn               h - +4 ring of strength
MPRegen  0.1/turn               o - ring of fire

@: confused
A: hooves 1, rot immunity
a: no special abilities


You were on level 2 of the Dungeon.
You were not hungry.

You visited 1 branch of the dungeon, and saw 2 of its levels.

You collected 27 gold pieces.

Inventory:

Hand Weapons
 a - a +0 long sword (weapon)
 i - a +1 dagger of freezing
 j - a cursed +0 mace
Armour
 b - a +0 scale mail (worn)
 c - a +0 shield (worn)
Jewellery
 h - a +4 ring of strength (left hand)
 m - an uncursed ring of stealth {unknown}
 o - a ring of fire (right hand)
Scrolls
 g - 2 scrolls of magic mapping {unknown}
 k - a scroll of identify {unknown}
 l - a scroll of remove curse {unknown}
 n - a scroll of blinking {unknown}
 q - a scroll of enchant weapon {unknown}
Potions
 d - a potion of might
 e - a potion of heal wounds {unknown}
 p - a potion of brilliance {unknown}
Comestibles
 f - a bread ration


   Skills:
 + Level 3.2 Fighting
 + Level 2.5 Long Blades
 + Level 3.3 Armour
 + Level 0.6 Dodging
 + Level 0.2 Stealth
 + Level 3.1 Shields


You had 3 spell levels left.
You didn't know any spells.

Dungeon Overview and Level Annotations

Branches:
Dungeon (2/15)

Altars:
Elyvilon
Fedhas
Uskayaw
Xom

Annotations:
D:2 2 transporters, Sigmund


Innate Abilities, Weirdness & Mutations

You have large cloven feet.
You are immune to rotting.


Message History

Sigmund the Dreaded comes into view.
He is wielding a scythe of pain.
Sigmund shouts!
Sigmund says, "Look into my eyes."
Sigmund casts a spell.
Sigmund flickers and vanishes!
Deactivating autopickup; reactivate with Ctrl-A.
Found a glowing hat.
Something hits you! Something hits you!
* * * LOW HITPOINT WARNING * * *
You miss something. You kick something.
You hear some strange, mumbled words.
Something tries to affect you, but you resist.
You barely miss something.
You hear some strange, mumbled words.
You are confused.
Something hits you.
* * * LOW HITPOINT WARNING * * *
You bump into the rock wall.
Something hits you!
You die...

#.........# #......
#.........# #####.......
#.........# #...#.......
#........(# #...#..[....
#.........# ##...#.......
#.........###....#.$.....
#.........##(.(..{.......
#.........##.#.#.###?....
#......†.......#@## ###
......###...####..##
#...## #......###..######
. ..# #.####....#.#....(
.. # #####.####........#
##...
#...........<....###.....
#.........#.##>..........
..........#.##.....##).##
#.........#..............


There were no monsters in sight!

Vanquished Creatures
  3 adders (D:2)
  An ooze (D:1)
  3 worms (D:2)
  A dart slug (D:1)
  A ball python (D:2)
  A goblin (D:1)
  3 hobgoblins
  10 jackals (D:1)
  2 frilled lizards (D:1)
  A kobold (D:2)
  4 rats
30 creatures vanquished.

Notes
Turn   | Place    | Note
-------+----------+-------------------------------------------
     0 | D:1      | Peloso the Demonspawn Fighter began the quest for the Orb.
     0 | D:1      | Reached XP level 1. HP: 18/18 MP: 1/1
    48 | D:1      | Gained mutation: You are immune to rotting. [demonic ancestry]
    48 | D:1      | Reached XP level 2. HP: 7/24 MP: 2/2
   710 | D:1      | Gained mutation: You have large cloven feet. [demonic ancestry]
   710 | D:1      | Reached XP level 3. HP: 27/29 MP: 3/3
   819 | D:2      | Found a blossoming altar of Fedhas.
  1047 | D:2      | Found a transporter.
  1048 | D:2      | Noticed a scorpion
  1065 | D:2      | Found a transporter.
  1070 | D:2      | Noticed a phantom
  1086 | D:2      | Found a white marble altar of Elyvilon.
  1086 | D:2      | Found a shimmering altar of Xom.
  1086 | D:2      | Found a hide-covered altar of Uskayaw.
  1192 | D:2      | Reached XP level 4. HP: 23/35 MP: 4/4
  1207 | D:2      | Noticed Sigmund
  1222 | D:2      | Slain by Sigmund

Skill      XL: |  1  2 |
---------------+-------+-----
Long Blades    | 2 |  2.5
Armour         | 3 |  3.3
Shields        | 3 |  3.1
Fighting       | |  3.2
Dodging        | |  0.6
Stealth        | |  0.2

Action                   |  1- 3 |  4- 6 || total
-------------------------+-------+-------++-------
Melee: Long sword        |   115 |     2 ||   117
       Kick              |    13 |     1 ||    14
  Eat: Chunk             |     1 |       ||     1
Armor: Scale mail        |    51 |       ||    51
Dodge: Dodged            |    40 |       ||    40
Block: Shield            |    70 |       ||    70
       Rpst.: Long sword |    10 |       ||    10
